 Dungeon Crawl Stone Soup version 0.30-b1-2-g02819fbbbe (webtiles) character file.

Game seed: 15410813868865086775

7105 Shirokaze the Cleaver (level 10, -1/89 HPs)
             Began as an Armataur Fighter on May 26, 2023.
             Was a Follower of Ashenzari.
             Slain by a yak (13 damage)
             ... on level 8 of the Dungeon.
             The game lasted 00:31:47 (7494 turns).

Shirokaze the Cleaver (Armataur Fighter)            Turns: 7494, Time: 00:31:48

Health: -1/89      AC: 18    Str: 26    XL:     10   Next: 84%
Magic:  10/10      EV:  4    Int:  8    God:    Ashenzari [*.....]
Gold:   430        SH: 14    Dex: 10    Spells: 9/9 levels left

rFire   . . .        a - +3 war axe
rCold   . . .        e - +0 tower shield of the Wild Blue Yonder {Comp, Melee} (curse)
rNeg    . . .        k - +0 plate armour
rPois   .            q - +0 helmet "Lashed Together" {Cun, Fort} (curse)
rElec   .            (no cloak)
rCorr   .            (no gloves)
SInv    .            (no barding)
Will    .....        (no amulet) Stlth
                     g - ring of flight
HPRegen 0.34/turn    p - +4 ring of protection
MPRegen 0.12/turn

%: roll
@: flying, studying Axes
A: large, rugged brown scales 3, deformed body, armoured tail, roll, long
tongue, awkward tongue
a: Renounce Religion, Curse Item, Shatter the Chains


You were on level 8 of the Dungeon.
You worshipped Ashenzari.
Ashenzari was aware of your devotion.
You visited 2 branches of the dungeon, and saw 10 of its levels.

You collected 430 gold pieces.

Inventory:

Hand Weapons
 a - a +3 war axe (weapon)
 d - a +2 hand axe of flaming
Armour
 e - the cursed +0 tower shield of the Wild Blue Yonder (worn) {Comp, Melee}
   (You found it on level 8 of the Dungeon)

   It has a curse which improves the following skills: Companions: Summonings
   and Necromancy.
   Melee Combat: Short Blades, Long Blades, Axes, Maces & Flails, Polearms,
   Staves and Unarmed Combat.
 k - a +0 plate armour (worn)
 q - the cursed +0 helmet "Lashed Together" (worn) {Cun, Fort}
   (You found it on level 4 of the Dungeon)

   It has a curse which improves the following skills: Cunning: Dodging and
   Stealth.
   Fortitude: Armour and Shields.
Jewellery
 c - a ring of ice
 g - a ring of flight (left hand)
 o - a ring of ice
 p - a +4 ring of protection (right hand)
Wands
 b - a wand of paralysis (24)
 i - a wand of roots (6)
 s - a wand of mindburst (14)
 v - a wand of flame (24)
 y - a wand of digging (6)
Scrolls
 f - a scroll of amnesia
 h - a scroll of silence
 m - 2 scrolls of fear
 n - 2 scrolls of poison
 r - 7 scrolls of teleportation
 t - a scroll of blinking
 u - a scroll of magic mapping
 w - 2 scrolls of fog
Potions
 j - 2 potions of haste
 l - 2 potions of curing
 x - a potion of magic
 z - a potion of invisibility


   Skills:
 + Level 6.7 Fighting
 + Level 11.2(12.0) Axes
 + Level 9.8(10.6) Armour
 + Level 1.7(2.3) Dodging
 + Level 3.6(4.3) Stealth
 + Level 7.6(8.4) Shields
 + Level 0.7 Evocations


You had 9 spell levels left.
You didn't know any spells.
Your spell library contained the following spells:

 Spells                   Type           Power      Damage    Failure   Level
 Freeze                   Ice            0%         1d3       100%        1
 Magic Dart               Conj           0%         1d3       100%        1
 Searing Ray              Conj           0%         2d4       100%        2
 Call Canine Familiar     Summ           0%         N/A       100%        3
 Frozen Ramparts          Ice            0%         1d1       100%        3
 Gell's Gravitas          Tloc           0%         N/A       100%        3
 Hailstorm                Conj/Ice       0%         3d3       100%        3
 Portal Projectile        Hex/Tloc       0%         N/A       100%        3
 Teleport Other           Tloc           0%         N/A       100%        3
 Tukima's Dance           Hex            0%         N/A       100%        3
 Fulminant Prism          Conj/Hex       0%         3d5       100%        4
 Leda's Liquefaction      Hex/Erth       0%         N/A       100%        4
 Blade Hands              Tmut           0%         N/A       100%        5
 Dispersal                Tloc           0%         N/A       100%        6


Dungeon Overview and Level Annotations

Branches:
Dungeon (9/15)             Temple (1/1) D:4            Lair (0/5) D:8
    Orc: D:9-12

Altars:
Ashenzari
Dithmenos
Elyvilon
Gozag
Hepliaklqana
Kikubaaqudgha
Makhleb
Nemelex Xobeh
Okawaru
Ru
Sif Muna
Uskayaw
Vehumet
Wu Jian
Zin
The Shining One

Shops:
D:5 (


Innate Abilities, Weirdness & Mutations

You are completely covered in rugged brown scales. (AC +3, +7% HP)
Armour fits poorly on your strangely shaped body.
You have a long armoured tail.
You roll when moving toward enemies. (Rampage)
Your long tongue fully drains potion bottles. (2x potion effects)
Your tongue gives you trouble enunciating. (1.5x scroll delay)


Message History

The yak is heavily wounded.
You completely miss the yak. You barely miss the yak. You hit the yak.
You slash the yak! You block the yak's attack.
The yak gores you but does no damage. You block the yak's attack.
The yak gores you but does no damage. x2
You hit the yak.
The yak is heavily wounded.
You slash the yak!
You hit the yak. x2; You hit the yak but do no damage.
You block the yak's attack. The yak gores you but does no damage.
The yak gores you! You block the yak's attack. The yak gores you.
You slice the yak!!
You kill the yak!
You slash the yak!
You kill the yak!
You slash the yak! x3; The yak gores you.
You block the yak's attack. The yak gores you but does no damage.
Your Axes skill increases to level 11!
You hit the yak.
The yak is almost dead.
You slash the yak! x2
You kill the yak!
You block the yak's attack. The yak gores you!
* * * LOW HITPOINT WARNING * * *
The yak gores you!
* * * LOW HITPOINT WARNING * * *
The yak gores you but does no damage.
You hit the yak.
You kill the yak!
You hit the yak. You block the yak's attack.
You barely miss the yak.
The yak is almost dead.
The yak barely misses you.
You hit the yak but do no damage.
The yak is almost dead.
The yak gores you.
* * * LOW HITPOINT WARNING * * *
You closely miss the yak.
The yak is almost dead.
The yak gores you!
You die...

.#....#...#.........##...#.#...##
.#....#...#.......(..##.'#?#).##.
.#....#...#.........).###...###..
.#....#...#######.........8......
##....#....# #.....###...###..
##....#..[.# #....##.)#.#'.##.
.#....#....# #...##...#.#...##
#########'#######...#...##.##...#
#...............@†..#(.##...##..#
#...............Y†..####.....####
#......[.........................
'...................#............
#...................'............
#.....#####.........###########..
'.....'...####'##.............#..
#.....#.........#.............#..
#.....#.........#.............#..


You could see a yak.

Vanquished Creatures
  2 two-headed ogres (D:8)
  Erica (D:8)
  Joseph (D:7)
  Psyche (D:8)
  A troll (D:8)
  2 hornets
  Sigmund (D:2)
  2 wraiths (D:9)
  2 wyverns (D:7)
  6 yaks
  An orc warrior (D:8)
  3 ice beasts
  2 sky beasts
  A centaur (D:8)
  3 ogres
  3 kobold brigands
  A gnoll sergeant (D:9)
  3 bullfrogs
  4 killer bees (D:7)
  A howler monkey (D:5)
  5 hounds
  A jelly (D:5)
  9 orc priests
  A sleepcap (D:6)
  Natasha (thrice) (D:2)
  An iguana (D:5)
  7 orc wizards
  Terence (D:2)
  3 gnolls (D:9)
  7 adders
  A shadow imp (D:5)
  2 white imps
  3 worms
  2 dart slugs (D:4)
  36 orcs
  5 bats
  7 endoplasms
  3 giant cockroaches
  5 goblins
  5 hobgoblins
  7 jackals
  16 kobolds
  4 quokkas
  7 ball pythons
  6 frilled lizards
  2 rats
190 creatures vanquished.

Notes
Turn   | Place    | Note
-------+----------+-------------------------------------------
     0 | D:1      | Shirokaze the Armataur Fighter began the quest for the Orb.
     0 | D:1      | Reached XP level 1. HP: 19/19 MP: 1/1
   208 | D:1      | Found a faded altar of an unknown god.
   213 | D:1      | Reached XP level 2. HP: 22/26 MP: 2/2
   501 | D:2      | Noticed Terence
   504 | D:2      | Killed Terence
   505 | D:2      | Reached skill level 2 in Axes
   505 | D:2      | Reached XP level 3. HP: 31/32 MP: 3/3
   554 | D:2      | Noticed Natasha
   559 | D:2      | Killed Natasha
   566 | D:2      | Reached XP level 4. HP: 29/39 MP: 4/4
   813 | D:2      | Noticed Natasha
   818 | D:2      | Killed Natasha
   989 | D:2      | Noticed Natasha
   994 | D:2      | Killed Natasha
   995 | D:2      | Reached skill level 5 in Armour
   995 | D:2      | Reached XP level 5. HP: 41/48 MP: 5/5
  1011 | D:2      | Noticed Sigmund
  1022 | D:2      | Killed Sigmund
  1023 | D:2      | Reached skill level 3 in Axes
  1023 | D:2      | Reached skill level 1 in Dodging
  1023 | D:2      | Reached XP level 6. HP: 32/54 MP: 6/6
  1498 | D:3      | Found a burning altar of Makhleb.
  1498 | D:3      | Noticed a green death
  2410 | D:4      | Found a staircase to the Ecumenical Temple.
  2437 | Temple   | Entered the Ecumenical Temple
  2456 | Temple   | Became a worshipper of Ashenzari the Shackled
  2812 | D:5      | Entered Level 5 of the Dungeon
  2941 | D:5      | Found Gycouvig's Weapon Boutique.
  2944 | D:5      | Reached skill level 4 in Axes
  3006 | D:5      | Reached XP level 7. HP: 17/60 MP: 7/7
  3266 | D:5      | Found a radiant altar of Vehumet.
  3881 | D:6      | Reached skill level 5 in Axes
  4276 | D:6      | Reached XP level 8. HP: 55/70 MP: 8/8
  4630 | D:7      | Identified the +1 leather armour of the Abyss {Harm Int+2
                  | SInv}
  4830 | D:7      | Reached skill level 6 in Axes
  4998 | D:7      | Reached skill level 1 in Stealth
  5159 | D:7      | Noticed Joseph
  5175 | D:7      | Killed Joseph
  5176 | D:7      | Reached skill level 5 in Shields
  5237 | D:7      | Reached XP level 9. HP: 35/77 MP: 9/9
  5355 | D:7      | Reached skill level 7 in Axes
  5371 | D:7      | Reached * piety under Ashenzari
  5371 | D:7      | Identified a scroll of acquirement
  5373 | D:7      | Acquired a manual of Axes
  5498 | D:8      | Noticed Erica
  5571 | D:8      | Noticed a two-headed ogre
  5589 | D:8      | Killed a two-headed ogre
  5590 | D:8      | Reached skill level 5 in Fighting
  5590 | D:8      | Reached skill level 8 in Axes
  5622 | D:8      | Found a white marble altar of Elyvilon.
  5622 | D:8      | Found a sacrificial altar of Ru.
  5824 | D:8      | Killed Erica
  5825 | D:8      | Reached skill level 9 in Axes
  6040 | D:8      | Noticed Psyche
  6047 | D:8      | Killed Psyche
  6048 | D:8      | Reached XP level 10. HP: 78/88 MP: 10/10
  6141 | D:8      | Found a staircase to the Lair.
  6189 | D:8      | Paralysed by a hornet for 2 turns
  6317 | D:8      | Noticed a two-headed ogre
  6461 | D:8      | Killed a two-headed ogre
  6462 | D:8      | Reached skill level 10 in Axes
  6908 | D:9      | Noticed a two-headed ogre
  6974 | D:9      | Paralysed by a hornet for 1 turns
  7490 | D:8      | Reached skill level 11 in Axes
  7494 | D:8      | Slain by a yak

Illustrated notes

Levels and vault maps discovered:
D:1:      lightli_molten_gateway, layout_rooms,
          hellmonk_ecumenical_altar_slurped_away
D:2:      layout_loops_ring, uniq_terence, uniq_sigmund, uniq_natasha
D:3:      layout_loops_ring, makhleb_altar_promises_db, serial_co_window_serial,
          co_window_corner_a, co_window_corner_a, co_window_paths_b,
          co_window_paths_a, co_window_paths_b, co_window_paths_c,
          co_window_corner_cb, co_window_corner_b, co_window_4corner_b,
          glass_columns_b, glass_columns_c
D:4:      layout_basic, temple_green, minivault_24, st_stairs_4,
          chequers_serial_rivers_micro_e, minmay_misc_feat_diagonals
D:5:      layout_basic, vehumet_altar_wand_db, serial_shops, shop,
          minmay_hedge_maze, grunt_ministairs_12
D:6:      layout_basic
D:7:      layout_basic, uniq_joseph
D:8:      cheibrodos_barr_body, layout_gridville,
          chequers_temple_overflow_statue_of_worship, lair_entry_dummy,
          amcnicky_mini_corridor_feature, chequers_garden, uniq_erica,
          uniq_psyche
D:9:      layout_cave_pools, gammafunk_ghost_cemetery
Temple:   nicolae_temple_bog_church

Skill      XL: |  1  2  3  4  5  6  7  8  9 10 |
---------------+-------------------------------+-----
Armour         | 4 5 6 7 8 9 |  9.8
Axes           | 2 3 4 5 6 9 11 | 11.2
Fighting       | 3 4 5 6 |  6.7
Dodging        | 1 |  1.7
Shields        | 4 5 6 7 |  7.6
Stealth        | 3 |  3.6
Evocations     | |  0.7

Action                     |  1- 3 |  4- 6 |  7- 9 | 10-12 || total
---------------------------+-------+-------+-------+-------++-------
  Melee: War axe           |    66 |   210 |   209 |   137 ||   622
         Tailslap          |     5 |    20 |    35 |    19 ||    79
 Invoke: Curse Item        |       |       |     2 |     1 ||     3
         Shatter the Chain |       |       |     1 |       ||     1
  Evoke: Wand              |       |       |     4 |     1 ||     5
    Use: Scroll            |       |     6 |    12 |     2 ||    20
         Potion            |       |       |     6 |     4 ||    10
   Stab: Paralysed         |       |       |     6 |       ||     6
 Armour: Scale mail        |    48 |    41 |       |       ||    89
         Plate armour      |       |    92 |   168 |    92 ||   352
  Dodge: Dodged            |    27 |    60 |    55 |    27 ||   169
  Block: Buckler           |    14 |    42 |    41 |       ||    97
         Tower shield      |       |       |    13 |   125 ||   138
